 Dungeon Crawl Stone Soup version 0.17.1-3-g152610e (webtiles) character file.

976 HandofTrog the Grappler (level 7, -1/66 HPs)
             Began as a Troll Monk on Apr 3, 2016.
             Was a Believer of Cheibriados.
             Slain by a wight
             ... wielding a +1 battleaxe
              (13 damage)
             ... on level 6 of the Dungeon.
             The game lasted 00:09:50 (3512 turns).

HandofTrog the Grappler (Troll Monk)                Turns: 3512, Time: 00:09:50

Health: -1/66      AC:  5    Str: 25    XL:     7   Next: 95%
Magic:  6/6        EV: 10    Int: 10    God:    Cheibriados [**....]
Gold:   231        SH:  0    Dex: 17    Spells: 0 memorised, 6 levels left

rFire  . . .     SeeInvis .       - Unarmed
rCold  . . .     Clarity  .     a - +0 robe
rNeg   . . .     SustAt   .     (no shield)
rPois  .         Gourm    +     (helmet restricted)
rElec  .         Spirit   .     (no cloak)
rCorr  .         Warding  .     (gloves unavailable)
rMut   .         Stasis   .     (boots unavailable)
MR     .....                    p - amulet of the gourmand
Stlth  ++........               (no ring)
                                (no ring)

@: drained, very slow, not resistant to hostile enchantments, unstealthy
A: unfitting armour, claws 3, fast metabolism 3, gourmand, regeneration 2,
shaggy fur 1, tough skin 2
a: Bend Time, Renounce Religion


You were on level 6 of the Dungeon.
You worshipped Cheibriados.
Cheibriados was pleased with you.
You were full.

You visited 2 branches of the dungeon, and saw 7 of its levels.

You collected 231 gold pieces.

Inventory:

Hand Weapons
 q - a cursed -1 spear
 w - a +2 scythe of freezing
Armour
 a - a +0 robe (worn)
Jewellery
 p - an amulet of the gourmand (around neck)
 s - a cursed ring of loudness {unknown}
Scrolls
 e - 3 scrolls of amnesia {unknown}
 j - a scroll of teleportation {unknown}
 k - a scroll of random uselessness {unknown}
 m - 5 scrolls of identify {unknown}
 o - a scroll of enchant weapon {unknown}
 r - a scroll of fear {unknown}
 t - 3 scrolls of remove curse {unknown}
 u - 2 scrolls of blinking {unknown}
 x - a scroll of recharging {unknown}
Potions
 d - 2 potions of curing
 f - a potion of cure mutation {unknown}
 g - a potion of degeneration {unknown}
 i - a potion of ambrosia {unknown}
 l - 2 potions of heal wounds {unknown}
 n - 2 potions of agility {unknown}
 z - a potion of haste {unknown}
Comestibles
 b - 5 bread rations
 c - 5 meat rations
 h - 4 beef jerkies
 v - 4 fruits


   Skills:
 - Level 2.4(1.6) Fighting
 - Level 2.4(1.6) Dodging
 - Level 1.1(0.4) Stealth
 + Level 10.0(9.1) Unarmed Combat


You had 6 spell levels left.
You didn't know any spells.

Dungeon Overview and Level Annotations

Branches:
Dungeon (6/15)             Temple (1/1) D:5

Altars:
Ashenzari
Cheibriados
Dithmenos
Fedhas
Gozag
Kikubaaqudgha
Makhleb
Nemelex Xobeh
Okawaru
Ru
Sif Muna
Trog
Vehumet
Yredelemnul
Zin
The Shining One


Innate Abilities, Weirdness & Mutations

You are too large for most types of armour.
You have claws for hands.
Your metabolism is lightning-fast.
You like to eat raw meat.
You heal very quickly.
You are covered in fur (AC +1).
You have very tough skin (AC +2).


Message History

You destroy the wight!
Cheibriados appreciates the change of pace.
Your base Unarmed Combat skill increases to level 10!
The wight hits you with an enchanted battleaxe!
You barely miss the wight.
The wight hits you with an enchanted battleaxe!
* * * LOW HITPOINT WARNING * * *
You feel drained.
* * * LOW HITPOINT WARNING * * *
Things that are here:
an enchanted flail; a robe You scratch the wight but do no damage.
The wight hits you with an enchanted battleaxe!
* * * LOW HITPOINT WARNING * * *
You feel drained.
* * * LOW HITPOINT WARNING * * *
Drink which item? (? for menu, Esc to quit)
It was a potion of curing.
You feel better.
The wight hits you with an enchanted battleaxe!
You die...

## ## ... .#
##..#####.###
........))..#
..!....)#.......
##..###z###.#...
# #@# # . ## #.#
.. ##.##
#.##...##..
#..<........
####...#####
##.## #.# ..#


You could see a wight.

Vanquished Creatures
  Sigmund (D:4)
  Menkaure (D:5)
  The ghost of grippy the Vexing, an amateur FoAM of the Shining One (D:4)
  3 wights (D:6)
  An orc priest (D:3)
  A hound (D:4)
  2 quasits (D:5)
  2 iguanas (D:4)
  3 worker ants
  A hound zombie (D:5)
  Robin (D:2)
  4 gnolls
  8 adders
  A shadow imp (D:5)
  2 adder skeletons (D:4)
  An adder zombie (D:5)
  2 worms
  4 giant geckos
  6 orcs
  3 ball pythons
  4 bats
  5 giant cockroaches
  20 goblins
  8 hobgoblins
  4 jackals
  5 kobolds
  3 quokkas
  4 giant newts
  7 rats
108 creatures vanquished.

Notes
Turn   | Place    | Note
--------------------------------------------------------------
     0 | D:1      | HandofTrog the Troll Monk began the quest for the Orb.
     0 | D:1      | Reached XP level 1. HP: 22/22 MP: 0/0
   111 | D:1      | Reached XP level 2. HP: 27/29 MP: 1/1
   676 | D:2      | Reached skill level 5 in Unarmed Combat
   693 | D:2      | Reached XP level 3. HP: 36/36 MP: 2/2
   752 | D:2      | Noticed Robin
   774 | D:2      | Killed Robin
   993 | D:2      | Reached XP level 4. HP: 40/44 MP: 3/3
  1043 | D:2      | Reached skill level 6 in Unarmed Combat
  1272 | D:2      | Found a glowing silver altar of Zin.
  1279 | D:2      | Found a burning altar of Makhleb.
  1281 | D:2      | Noticed an angel
  1281 | D:2      | Noticed a cacodemon
  1631 | D:3      | Reached XP level 5. HP: 48/50 MP: 4/4
  2017 | D:4      | Noticed Sigmund
  2024 | D:4      | Killed Sigmund
  2024 | D:4      | Reached skill level 7 in Unarmed Combat
  2024 | D:4      | Reached XP level 6. HP: 53/59 MP: 5/5
  2055 | D:4      | Reached skill level 8 in Unarmed Combat
  2181 | D:4      | Noticed grippy's ghost (amateur FoAM)
  2190 | D:4      | Killed grippy's ghost
  2267 | D:4      | Reached XP level 7. HP: 39/66 MP: 6/6
  2364 | D:4      | Found a deep blue altar of Sif Muna.
  2364 | D:4      | Found a blossoming altar of Fedhas.
  2429 | D:4      | Found a sparkling altar of Nemelex Xobeh.
  2701 | D:5      | Entered Level 5 of the Dungeon
  2705 | D:5      | Found a shadowy altar of Dithmenos.
  2985 | D:5      | Reached skill level 9 in Unarmed Combat
  3024 | D:5      | Noticed Menkaure
  3029 | D:5      | Killed Menkaure
  3066 | D:5      | Found a staircase to the Ecumenical Temple.
  3259 | Temple   | Entered the Ecumenical Temple
  3453 | Temple   | Became a worshipper of Cheibriados the Contemplative
  3453 | Temple   | Reached * piety under Cheibriados
  3453 | Temple   | Reached ** piety under Cheibriados
  3506 | D:6      | Reached skill level 10 in Unarmed Combat
  3511 | D:6      | HP: 3/66 [wight/enchanted battleaxe (3)]
  3512 | D:6      | Slain by a wight

Action                   |  1- 3 |  4- 6 |  7- 9 || total
-------------------------+-------+-------+-------++-------
Melee: Unarmed           |   103 |   113 |    63 ||   279
  Use: Potion            |       |       |     1 ||     1
 Stab: Sleeping          |     3 |     3 |     1 ||     7
       Distracted        |       |       |     1 ||     1
  Eat: Chunk             |    11 |    12 |     2 ||    25
       Bread ration      |       |       |     2 ||     2
